 Dungeon Crawl Stone Soup version 0.26-a0-1060-g086102a3f0 (webtiles) character file.

Game seed: 8891558301222802010

1521 Goblin1989 the Ducker (level 8, -5/57 HPs)
             Began as an Octopode Abyssal Knight on Dec 13, 2020.
             Was a Believer of Lugonu.
             Slain by a gnoll
             ... wielding a +0 spear
              (6 damage)
             ... on level 5 of the Dungeon.
             The game lasted 00:07:00 (5832 turns).

Goblin1989 the Ducker (Octopode Abyssal Knight)     Turns: 5832, Time: 00:07:01

Health: -5/57      AC:  5    Str: 14    XL:     8   Next: 84%
Magic:  11/11      EV: 16    Int: 14    God:    Lugonu [**....]
Gold:   269        SH:  0    Dex: 11    Spells: 7/7 levels left

rFire    . . .     SeeInvis .   n - -1 great sword (curse)
rCold    . . .     Faith    .   (shield currently unavailable)
rNeg     . . .     Spirit   .   (helmet restricted)
rPois    +         Reflect  .   (no amulet)
rElec    .         Harm     .   o - ring of poison resistance
rCorr    .         Rampage  .   A - +4 ring of protection
Will     .....                  (no ring)
Stlth    ++........             (no ring)
HPRegen  0.19/turn              (no ring)
MPRegen  0.12/turn              (no ring)
                                (no ring)
                                (no ring)

@: no status effects
A: almost no armour, stealthy swim, amphibious, 8 rings, constrict 8, camouflage
1, gelatinous body 1
a: Depart the Abyss, Bend Space, Renounce Religion


You were on level 5 of the Dungeon.
You worshipped Lugonu.
Lugonu was pleased with you.
You visited 1 branch of the dungeon, and saw 5 of its levels.
You visited the Abyss 1 time.

You collected 269 gold pieces.

Inventory:

Hand Weapons
 a - a +1 falchion
 m - a +2 dagger of venom
 n - a cursed -1 great sword (weapon)
Armour
 w - a +1 hat
Jewellery
 o - a ring of poison resistance (left tentacle)
 A - a +4 ring of protection (right tentacle)
Wands
 t - a wand of flame (43) {@v6}
Scrolls
 d - a scroll of blinking {unknown}
 e - 2 scrolls of teleportation {unknown}
 f - 2 scrolls of enchant armour {unknown}
 g - 4 scrolls of identify {unknown}
 h - 3 scrolls of remove curse {unknown}
 i - 3 scrolls of magic mapping {unknown}
 k - a scroll of random uselessness {unknown}
 l - a scroll of amnesia {unknown}
 p - a scroll of enchant weapon {unknown}
 r - a scroll of fog {unknown}
 s - a scroll of noise {unknown}
 u - a scroll of immolation {unknown}
Potions
 b - 2 potions of degeneration {unknown}
 c - 6 potions of heal wounds {@q2}
 j - a potion of haste {unknown}
 q - a potion of invisibility {unknown}
 v - 3 potions of attraction {unknown}
 x - 2 potions of mutation {unknown}
 z - a potion of magic {unknown}
 B - a potion of brilliance {unknown}


   Skills:
 + Level 5.8 Fighting
 + Level 5.2 Long Blades
 * Level 7.3 Dodging
 - Level 5.0 Invocations


You had 7 spell levels left.
You didn't know any spells.
Your spell library was empty.

Dungeon Overview and Level Annotations

Branches:
Dungeon (5/15)             Temple (0/1) D:5

Altars:
Fedhas
Nemelex Xobeh
Qazlal
Trog
Xom

Shops:
D:4 [

Annotations:
D:3 1 runed translucent door, Crazy Yiuf
D:5 2 transporters, MoonlitKnight's ghost, amateur DrTm


Innate Abilities, Weirdness & Mutations

You cannot wear most types of armour.
You are very stealthy in the water. (Stealth+)
You are amphibious.
You can wear up to eight rings at the same time.
You can use your tentacles to constrict eight enemies at once.
Your skin changes colour to match your surroundings (Stealth+).
Your rubbery body absorbs attacks. (AC +1, EV +1)


Message History

A gnoll comes into view. It is wielding a +0 whip.
The gnoll hits you with a +0 club.
The white imp moves out of view.
You take 1 damage, and have 43/57 hp.
You barely miss the gnoll. Your grab misses the gnoll.
The gnoll barely misses you. x2
You hit the gnoll. You grab the gnoll.
The gnoll is moderately wounded.
You constrict the gnoll.
A gnoll comes into view. It is wielding a +0 spear.
The gnoll closely misses you. The gnoll hits you with a +0 club.
The gnoll hits you but does no damage.
You take 4 damage, and have 40/57 hp.
The gnoll shouts!
You slash the gnoll!
You kill the gnoll!
Lugonu accepts your kill. The adder misses you.
You riposte.
You closely miss the adder. You grab the adder. The gnoll closely misses you.
You slash the adder! You squeeze the adder.
You kill the adder!
Lugonu accepts your kill.
The gnoll hits you from afar with a +0 spear.
You take 3 damage, and have 37/57 hp.
You barely miss the gnoll. Your grab misses the gnoll. You squeeze the gnoll!
The gnoll is almost dead.
The gnoll hits you with a +0 flail! The gnoll hits you but does no damage.
The gnoll barely misses you. x2; You riposte.
You barely miss the gnoll. Your grab misses the gnoll.
The gnoll is almost dead.
You take 8 damage, and have 29/57 hp.
You are too injured to fight recklessly!
You are too injured to fight recklessly!
You are too injured to fight recklessly!
You are too injured to fight recklessly!
You are too injured to fight recklessly!
You are too injured to fight recklessly!
You are too injured to fight recklessly!
You are too injured to fight recklessly!
You are too injured to fight recklessly!
You are too injured to fight recklessly!
You are too injured to fight recklessly!
You are too injured to fight recklessly!
You are too injured to fight recklessly!
You are too injured to fight recklessly!
You are too injured to fight recklessly!
You are too injured to fight recklessly!
You are too injured to fight recklessly!
You are too injured to fight recklessly!
You are too injured to fight recklessly!
You are too injured to fight recklessly!
You are too injured to fight recklessly!
Unknown command.
You closely miss the gnoll. Your grab misses the gnoll.
The gnoll is almost dead.
The gnoll barely misses you. x2
You closely miss the gnoll. Your grab misses the gnoll. You squeeze the gnoll.
You kill the gnoll!
Lugonu accepts your kill.
The gnoll hits you from afar with a +0 spear.
The gnoll hits you from afar with a +0 spear!
* * * LOW HITPOINT WARNING * * *
You take 11 damage, and have 18/57 hp.
You hit the gnoll. Your grab misses the gnoll.
The gnoll is moderately wounded.
The gnoll closely misses you. The gnoll barely misses you.
The gnoll misses you.
You hit the gnoll but do no damage. Your grab misses the gnoll.
The gnoll is moderately wounded.
The gnoll misses you. x2; You riposte.
You hit the gnoll but do no damage. Your grab misses the gnoll.
The gnoll is moderately wounded.
The gnoll barely misses you.
You barely miss the gnoll. Your grab misses the gnoll.
The gnoll is moderately wounded.
The gnoll barely misses you.
You riposte.
You hit the gnoll but do no damage. You grab the gnoll.
You squeeze the gnoll, but do no damage.
The gnoll is moderately wounded.
The gnoll hits you from afar with a +0 spear.
* * * LOW HITPOINT WARNING * * *
The gnoll misses you.
You riposte.
You slash the gnoll!
You kill the gnoll!
Lugonu accepts your kill.
You take 1 damage, and have 18/57 hp.
The gnoll closely misses you.
You riposte.
You hit the gnoll. Your grab misses the gnoll.
The gnoll is moderately wounded.
The gnoll barely misses you.
You riposte.
You slash the gnoll! Your grab misses the gnoll. Your squeeze misses the gnoll.
The gnoll is almost dead.
The gnoll hits you from afar with a +0 spear!
* * * LOW HITPOINT WARNING * * *
Items here: $ )))) ††††.
You take 9 damage, and have 9/57 hp.
You slash the gnoll! Your grab misses the gnoll.
The gnoll is almost dead.
The gnoll barely misses you. The gnoll hits you with a +0 flail!
* * * LOW HITPOINT WARNING * * *
The gnoll hits you from afar with a +0 spear.
You die...

.. ..█ .██.██ .....████
.......██ █.......██
.g....... █gg....█ █@█
█.█ .██████.█ ......█.█
█......██ ...©.....█████
████████..██.█████████
8...Wc8██.█.█........███
......ro█.......██......


You could see a centaur and 3 gnolls.

Vanquished Creatures
  Pikel (D:4)
  Eustachio (D:4)
  Menkaure (D:4)
  Purgy (D:3)
  An ice beast (D:5)
  An ogre (D:4)
  A scorpion (D:5)
  2 bullfrog zombies (D:5)
  A jelly (D:5)
  A hound (D:4)
  Terence (D:3)
  4 worker ants
  7 gnolls
  7 adders
  A shadow imp (D:5)
  2 white imps (D:5)
  An ufetubus (D:5)
  A worm (D:3)
  2 dart slugs
  2 leopard geckos
  4 orcs
  A ball python (D:3)
  6 bats
  A giant cockroach (D:2)
  7 goblins
  8 hobgoblins
  7 jackals
  7 kobolds
  A quokka (D:5)
  3 frilled lizards
  6 rats
90 creatures vanquished.

Vanquished Creatures (others)
  5 toadstools (D:3)
5 creatures vanquished.

Grand Total: 95 creatures vanquished

Notes
Turn   | Place    | Note
-------+----------+-------------------------------------------
     0 | Abyss:1  | Goblin1989 the Octopode Abyssal Knight began the quest for
                  | the Orb.
     0 | Abyss:1  | Reached XP level 1. HP: 16/16 MP: 2/2
    44 | Abyss:1  | Found a burning altar of Makhleb.
    50 | Abyss:1  | Noticed a large abomination
    52 | D:1      | Escaped the Abyss
   371 | D:1      | Reached XP level 2. HP: 21/21 MP: 3/3
   555 | D:1      | Reached * piety under Lugonu
   804 | D:1      | Reached XP level 3. HP: 26/26 MP: 4/4
   835 | D:1      | Reached skill level 3 in Dodging
  1631 | D:2      | Reached XP level 4. HP: 28/31 MP: 5/5
  2036 | D:2      | Found a stormy altar of Qazlal.
  2412 | D:3      | Reached XP level 5. HP: 36/36 MP: 7/7
  2639 | D:3      | Noticed Terence
  2657 | D:3      | Killed Terence
  2658 | D:3      | Reached skill level 4 in Dodging
  3054 | D:3      | Found a blossoming altar of Fedhas.
  3081 | D:3      | Noticed Purgy
  3087 | D:3      | Killed Purgy
  3088 | D:3      | Reached XP level 6. HP: 30/43 MP: 8/8
  3284 | D:3      | Reached ** piety under Lugonu
  3373 | D:3      | Found a runed translucent door.
  3374 | D:3      | Noticed Crazy Yiuf
  3430 | D:3      | Found a sparkling altar of Nemelex Xobeh.
  3505 | D:3      | Found a shimmering altar of Xom.
  3646 | D:4      | Noticed Menkaure
  3653 | D:4      | Killed Menkaure
  3821 | D:4      | Reached skill level 5 in Dodging
  3821 | D:4      | Reached XP level 7. HP: 38/48 MP: 9/9
  4487 | D:4      | Noticed Pikel
  4489 | D:4      | Found a bloodstained altar of Trog.
  4493 | D:4      | Killed Pikel
  4494 | D:4      | Reached skill level 5 in Fighting
  4494 | D:4      | Reached skill level 6 in Dodging
  4494 | D:4      | Reached XP level 8. HP: 32/55 MP: 11/11
  4638 | D:4      | Found Fumoov's Armour Emporium.
  4786 | D:4      | Noticed Eustachio
  4797 | D:4      | Killed Eustachio
  4798 | D:4      | Reached skill level 5 in Invocations
  5142 | D:5      | Entered Level 5 of the Dungeon
  5510 | D:5      | Reached skill level 7 in Dodging
  5614 | D:5      | Reached skill level 5 in Long Blades
  5737 | D:5      | Found a staircase to the Ecumenical Temple.
  5798 | D:5      | Found a transporter.
  5803 | D:5      | Found a transporter.
  5803 | D:5      | Noticed MoonlitKnight's ghost (amateur DrTm)
  5832 | D:5      | HP: 1/57 [gnoll/+0 flail (9)]
  5832 | D:5      | Slain by a gnoll

Illustrated notes

Levels and vault maps discovered:
D:1:      dpeg_arrival_three_bigger_balls, layout_loops_ring
D:2:      layout_basic, grunt_qazlal_clouds
D:3:      layout_basic, lemuel_coloured_pillars_altar, nemelex_altar_shiori,
          lemuel_crystal_altar, minmay_gold_behind_fungi,
          uniq_crazy_yiuf_cottage, uniq_purgy, uniq_terence
D:4:      layout_loops_ring, lemuel_round_altar, serial_shops, shop,
          kennysheep_generic_room_6, uniq_pikel, uniq_menkaure, uniq_eustachio
D:5:      layout_loops_corners, lemuel_crystal_altar,
          minmay_temple_entry_mini_moons, gammafunk_ghost_arena, minivault_11

Skill      XL: |  1  2  3  4  5  6  7  8 |
---------------+-------------------------+-----
Dodging        | 3 4 5 6 7 |  7.3
Invocations    | 3 4 5 |  5.0
Long Blades    | 3 4 5 |  5.2
Fighting       | 4 5 |  5.8

Action                   |  1- 3 |  4- 6 |  7- 9 || total
-------------------------+-------+-------+-------++-------
Melee: Falchion          |    48 |       |       ||    48
       Constrict         |    19 |    19 |    19 ||    57
       Tentacles         |     8 |    15 |    21 ||    44
       Great sword       |     3 |    62 |    76 ||   141
Invok: Depart the Abyss  |     1 |       |       ||     1
  Use: Potion            |       |     1 |       ||     1
 Stab: Sleeping          |     9 |     4 |     3 ||    16
Armor: Skin              |     8 |     3 |    15 ||    26
Dodge: Dodged            |    36 |    56 |   100 ||   192
       Rpst.: Falchion   |    15 |       |       ||    15
       Great sword       |     1 |    17 |    26 ||    44

Table legend: (Time is in decaauts)
 A = Elapsed time spent in this place.
 B = Non-inter-level travel time spent in this place.
 C = Inter-level travel time spent in this place.
 D = Time resting spent in this place.
 E = Time spent auto-exploring this place.
 F = Levels seen in this place.
 G = Mean time per level.
                   A        B        C        D        E       F      G
               +--------+--------+--------+--------+--------+-----+--------+
         Total |   5912 |   5581 |    331 |   1026 |   3859 |   6 |  985.3 |
       Dungeon |   5860 |   5529 |    331 |   1026 |   3859 |   5 | 1172.0 |
         Abyss |     52 |     52 |      0 |      0 |      0 |   1 |   52.0 |
               +--------+--------+--------+--------+--------+-----+--------+

Top non-repeatable levels by time:
     D:2: 1412 daAuts
     D:3: 1377 daAuts
     D:4: 1346 daAuts
     D:1: 1011 daAuts
     D:5: 713 daAuts
 Abyss:1: 52 daAuts
